 Dungeon Crawl Stone Soup version 0.23.2-1-ga50397a (webtiles) character file.

Game seed: 13973357689702978959

12996 Kairos the Protected (level 12, -5/95 HPs)
             Began as a Gnoll Wanderer on Apr 22, 2019.
             Was a High Priest of Zin.
             Slain by a two-headed ogre
             ... wielding a +0 giant club
              (9 damage)
             ... on level 10 of the Dungeon.
             The game lasted 00:27:15 (14721 turns).

Kairos the Protected (Gnoll Wanderer)              Turns: 14721, Time: 00:27:16

Health: -5/95      AC: 13    Str: 21    XL:     12   Next: 1%
Magic:  22/22      EV: 11    Int: 16    God:    Zin [*****.]
Gold:   571        SH:  6    Dex: 14    Spells: 24/24 levels left

rFire    . . .     SeeInvis .   O - +1 scimitar "Concordance" {elec, *Slow +Rage MR++ Str+2}
rCold    . . .     Gourm    .   w - +0 buckler
rNeg     . . .     Faith    +   x - +0 chain mail
rPois    .         Spirit   .   (helmet restricted)
rElec    .         Reflect  .   (no cloak)
rCorr    .         Harm     .   (no gloves)
MR       ++...                  j - +0 pair of boots
Stlth    ..........             A - amulet of faith
HPRegen  0.25/turn              (no ring)
MPRegen  0.18/turn              G - ring of attention

@: no status effects
A: distributed training, fangs 1, horns 1, rugged brown scales 1, strong nose
a: Recite, Vitalisation, Imprison, Sanctuary, Donate Gold, Renounce Religion,
Evoke Berserk Rage


You were on level 10 of the Dungeon.
You worshipped Zin.
Zin was extremely pleased with you.
You were hungry.

You visited 1 branch of the dungeon, and saw 10 of its levels.

You collected 634 gold pieces.
You donated 63 gold pieces to Zin.

Inventory:

Hand Weapons
 a - a +2 blowgun
 c - a +0 shortbow
 l - a +0 dagger
 q - a +6 whip of freezing
 K - a +2 shortbow of flaming
 L - a +0 dire flail of holy wrath
 O - the +1 scimitar "Concordance" (weapon) {elec, *Slow +Rage MR++ Str+2}
   (You found it on level 9 of the Dungeon)

   Occasionally, upon striking a foe, it will discharge some electrical energy
   and cause terrible harm.
   It affects your strength (+2).
   It affects your resistance to hostile enchantments.
   It lets you go berserk.
   It may slow you when you take damage.
Missiles
 b - 3 curare-tipped needles
 d - 179 arrows
 o - a throwing net (quivered)
 u - 65 poisoned needles
 D - 26 tomahawks
Armour
 f - a +0 robe
 j - a +0 pair of boots (worn)
 p - a +1 ring mail
 w - a +0 buckler (worn)
 x - a +0 chain mail (worn)
Magical Staves
 C - an uncursed staff of earth {unknown}
 P - an uncursed staff of fire {unknown}
 Q - an uncursed staff of air {unknown}
Jewellery
 n - the ring of the Hare {*Contam MR++ Dex+2, unknown}
   (You found it on level 9 of the Dungeon)

   [ring of dexterity]

   It affects your dexterity (+2).
   It affects your resistance to hostile enchantments.
   It causes magical contamination when unequipped.
 A - an amulet of faith (around neck)
 G - a ring of attention (right hand)
 N - an uncursed amulet of the gourmand
Wands
 t - a wand of enslavement (6)
 M - a wand of flame (15)
Scrolls
 e - 3 scrolls of teleportation
 k - 9 scrolls of identify
 m - 2 scrolls of magic mapping
 y - a scroll of blinking
 z - 2 scrolls of fear {unknown}
 B - a scroll of fog {unknown}
 E - 2 scrolls of enchant armour
 H - 3 scrolls of random uselessness {unknown}
 R - a scroll of holy word {unknown}
 S - a scroll of silence {unknown}
Potions
 h - a potion of haste
 i - 2 potions of lignification
 r - a potion of cancellation {unknown}
 s - a potion of flight {unknown}
 v - a potion of curing
 F - a potion of might {unknown}
 T - a potion of brilliance {unknown}
Miscellaneous
 I - a lamp of fire (inert)
 J - a sack of spiders
Comestibles
 g - 7 rations


   Skills:
 + Level 8.2 Fighting
 + Level 6.7 Short Blades
 + Level 6.7 Long Blades
 + Level 6.7 Axes
 + Level 6.7 Maces & Flails
 + Level 6.7 Polearms
 + Level 6.7 Staves
 + Level 6.7 Slings
 + Level 6.7 Bows
 + Level 6.7 Crossbows
 + Level 8.2 Throwing
 + Level 9.4 Armour
 + Level 6.7 Dodging
 + Level 6.7 Stealth
 + Level 6.7 Shields
 + Level 6.7 Unarmed Combat
 + Level 6.7 Spellcasting
 + Level 5.5 Conjurations
 + Level 5.5 Hexes
 + Level 5.5 Charms
 + Level 5.5 Summonings
 + Level 5.5 Necromancy
 + Level 5.5 Translocations
 + Level 5.5 Transmutations
 + Level 5.5 Fire Magic
 + Level 5.5 Ice Magic
 + Level 5.5 Air Magic
 + Level 7.9 Earth Magic
 + Level 5.5 Poison Magic
 + Level 7.3 Invocations
 + Level 6.7 Evocations


You had 24 spell levels left.
You didn't know any spells.
Your spell library contained the following spells:

 Spells                   Type           Power        Failure   Level  Hunger
 Animate Skeleton         Necr           N/A          9%          1    None
 Confusing Touch          Hex            ###...       9%          1    None
 Infusion                 Chrm           ###.         9%          1    None
 Pain                     Necr           ###.         9%          1    None
 Passwall                 Tmut/Erth      ####....     9%          2    None
 Confuse                  Hex            ###.....     26%         3    ##.....
 Gell's Gravitas          Tloc           ###.......   26%         3    ##.....
 Regeneration             Chrm/Necr      ###.......   26%         3    ##.....
 Spider Form              Tmut/Pois      ###.......   26%         3    ##.....
 Vampiric Draining        Necr           ###.......   26%         3    ##.....
 Petrify                  Tmut/Erth      ####....     47%         4    ####...
 Animate Dead             Necr           N/A          65%         4    ####...
 Ice Form                 Ice/Tmut       ###.....     65%         4    ####...
 Metabolic Englaciation   Hex/Ice        ###.......   94%         5    #####..
 Yara's Violent Unravell  Hex/Tmut       ###.......   94%         5    #####..


Dungeon Overview and Level Annotations

Branches:
Dungeon (10/15)            Temple (0/1) D:4
   Lair: D:8-11         Orc: D:9-12

Altars:
Elyvilon
Makhleb
Nemelex Xobeh
Okawaru
Qazlal
Ru
Sif Muna
Trog
Uskayaw
Xom
Zin
The Shining One

Shops:
D:6 !   D:9 %

Annotations:
D:4 Flogoulo's ghost, amateur FoFi
D:5 1 runed translucent door, Jaiteiro's ghost, novice MiFi
D:7 3 runed translucent doors, Curus's ghost, novice HOBe
D:8 4 runed translucent doors


Innate Abilities, Weirdness & Mutations

Your experience applies equally to all skills.
You have very sharp teeth.
Your uncanny sense of smell can sniff out nearby items.
You have a pair of small horns on your head.
You are partially covered in rugged brown scales. (AC +1, +3% HP)


Message History

You headbutt the two-headed ogre. You bite the two-headed ogre.
The two-headed ogre is severely wounded.
You block the two-headed ogre's attack.
The two-headed ogre hits you with a +0 giant club.
You slash the two-headed ogre! You headbutt the two-headed ogre.
The two-headed ogre is almost dead.
The two-headed ogre hits you with a +0 giant club!!
The two-headed ogre barely misses you.
You are too injured to fight recklessly!
You are too injured to fight recklessly!
You are too injured to fight recklessly!
You are too injured to fight recklessly!
You slash the two-headed ogre!
You headbutt the two-headed ogre, but do no damage.
You bite the two-headed ogre.
The two-headed ogre is almost dead.
The two-headed ogre hits you with a +0 giant club!!
* * * LOW HITPOINT WARNING * * *
The two-headed ogre hits you with a +0 giant club!
You die...

.........'.#
#......#
.........#.#
#......#
.......<.# .
+......#
.........#
#......#
.........#
#####+##
.........#
.#
###+######
###.# #.#
#.O.# ..#
#@# ##.###
###'#####
.....###
#.......#
.......
+.......#
.....#
#.......#
.....#
#.......#
.....#
#.......#
.....#
#.......#
.....#
#.......#


You could see a two-headed ogre.

Vanquished Creatures
  Harold (D:7)
  3 two-headed ogres
  Pikel (D:6)
  5 trolls
  3 hippogriffs
  Grinder (D:3)
  25 yaks
  2 sky beasts
  2 ice beasts
  3 orc warriors
  3 phantoms
  A necrophage (D:6)
  2 centaurs
  A crocodile (D:8)
  7 ogres
  5 bullfrogs
  2 big kobolds (D:9)
  Blork the orc (D:6)
  A scorpion (D:5)
  2 killer bees (D:8)
  8 wights
  5 howler monkeys
  5 crimson imps
  A quasit (D:8)
  4 hounds
  3 jellies (D:8)
  5 orc priests
  2 bullfrog skeletons
  9 orc wizards
  4 centaur skeletons
  5 iguanas
  7 worker ants
  A hound zombie (D:8)
  3 hound skeletons
  3 howler monkey zombies
  A worker ant zombie (D:9)
  7 gnolls
  6 adders
  2 shadow imps
  An ooze (D:1)
  2 adder zombies
  An adder skeleton (D:9)
  A worm (D:3)
  2 dart slugs
  8 leopard geckos
  33 orcs
  6 giant cockroaches
  6 goblins
  4 hobgoblins
  20 jackals
  2 quokkas
  7 bats
  5 frilled lizards
  5 hobgoblin zombies (D:9)
  10 kobolds
  2 kobold skeletons (D:9)
  2 kobold zombies (D:9)
  4 rats
273 creatures vanquished.

Vanquished Creatures (others)
  An orc wizard (D:6)
  2 orcs (D:6)
3 creatures vanquished.

Grand Total: 276 creatures vanquished

Notes
Turn   | Place    | Note
-------+----------+-------------------------------------------
     0 | D:1      | Kairos the Gnoll Wanderer began the quest for the Orb.
     0 | D:1      | Kairos set off with the following items: a +2 blowgun, 4
                  | curare-tipped needles, a +0 shortbow, 23 arrows, a scroll
                  | of teleportation, a +0 robe, a ration
     0 | D:1      | Reached XP level 1. HP: 20/20 MP: 1/1
   166 | D:1      | Reached XP level 2. HP: 24/26 MP: 2/2
   365 | D:1      | Reached XP level 3. HP: 13/31 MP: 3/3
  1025 | D:2      | Found a faded altar of an unknown god.
  1108 | D:2      | Gained mutation: You are frail. (-10% HP) [potion of
                  | mutation]
  1108 | D:2      | Gained mutation: Your system is resistant to poisons.
                  | (rPois) [potion of mutation]
  1109 | D:2      | Lost mutation: You are frail. (-10% HP) [potion of
                  | mutation]
  1109 | D:2      | Lost mutation: Your system is resistant to poisons. (rPois)
                  | [potion of mutation]
  1109 | D:2      | Gained mutation: You tend to lose your temper in combat.
                  | [potion of mutation]
  1109 | D:2      | Gained mutation: You have large cloven feet. [potion of
                  | mutation]
  1128 | D:2      | Reached skill level 1 in Invocations
  1308 | D:2      | Reached skill level 1 in Short Blades
  1308 | D:2      | Reached skill level 1 in Long Blades
  1308 | D:2      | Reached skill level 1 in Axes
  1308 | D:2      | Reached skill level 1 in Maces & Flails
  1308 | D:2      | Reached skill level 1 in Polearms
  1308 | D:2      | Reached skill level 1 in Staves
  1308 | D:2      | Reached skill level 1 in Slings
  1308 | D:2      | Reached skill level 1 in Bows
  1308 | D:2      | Reached skill level 1 in Crossbows
  1308 | D:2      | Reached skill level 1 in Dodging
  1308 | D:2      | Reached skill level 1 in Stealth
  1308 | D:2      | Reached skill level 1 in Shields
  1308 | D:2      | Reached skill level 1 in Unarmed Combat
  1308 | D:2      | Reached skill level 1 in Spellcasting
  1308 | D:2      | Reached skill level 1 in Evocations
  1309 | D:2      | Reached XP level 4. HP: 24/38 MP: 5/5
  1469 | D:2      | Lost mutation: You have large cloven feet. [potion of
                  | mutation]
  1469 | D:2      | Lost mutation: You tend to lose your temper in combat.
                  | [potion of mutation]
  1469 | D:2      | Gained mutation: You have a pair of small horns on your
                  | head. [potion of mutation]
  1469 | D:2      | Gained mutation: You are partially covered in rugged brown
                  | scales. (AC +1, +3% HP) [potion of mutation]
  1946 | D:1      | Reached skill level 1 in Conjurations
  1946 | D:1      | Reached skill level 1 in Hexes
  1946 | D:1      | Reached skill level 1 in Charms
  1946 | D:1      | Reached skill level 1 in Summonings
  1946 | D:1      | Reached skill level 1 in Necromancy
  1946 | D:1      | Reached skill level 1 in Translocations
  1946 | D:1      | Reached skill level 1 in Transmutations
  1946 | D:1      | Reached skill level 1 in Fire Magic
  1946 | D:1      | Reached skill level 1 in Ice Magic
  1946 | D:1      | Reached skill level 1 in Air Magic
  1946 | D:1      | Reached skill level 1 in Poison Magic
  1956 | D:2      | Reached XP level 5. HP: 31/44 MP: 5/7
  2158 | D:2      | Became a worshipper of Zin the Law-Giver
  2158 | D:2      | Reached * piety under Zin
  2158 | D:2      | Reached ** piety under Zin
  2425 | D:3      | Found a white marble altar of Elyvilon.
  2692 | D:3      | Noticed Grinder
  2692 | D:3      | Paralysed by Grinder for 3 turns
  2706 | D:3      | Killed Grinder
  2706 | D:3      | Reached skill level 5 in Fighting
  2706 | D:3      | Reached skill level 5 in Throwing
  2706 | D:3      | Reached XP level 6. HP: 21/52 MP: 7/9
  3226 | D:4      | Found a runed translucent door.
  3226 | D:4      | Noticed Flogoulo's ghost (amateur FoFi)
  3293 | D:4      | Found a staircase to the Ecumenical Temple.
  3313 | D:4      | Reached XP level 7. HP: 50/57 MP: 10/10
  3448 | D:4      | Reached skill level 7 in Armour
  3940 | D:4      | Found a bloodstained altar of Trog.
  5356 | D:5      | Entered Level 5 of the Dungeon
  5378 | D:5      | Found a runed translucent door.
  5378 | D:5      | Noticed Jaiteiro's ghost (novice MiFi)
  5407 | D:5      | Reached *** piety under Zin
  5454 | D:5      | Reached XP level 8. HP: 64/64 MP: 12/12
  5846 | D:5      | Noticed a yak
  5846 | D:5      | Noticed a yak
  5846 | D:5      | Noticed a yak
  5857 | D:5      | Killed a yak
  5869 | D:5      | Killed a yak
  5872 | D:5      | Killed a yak
  6479 | D:6      | Found an iron altar of Okawaru.
  6534 | D:6      | Reached XP level 9. HP: 71/71 MP: 14/14
  6655 | D:6      | Noticed Pikel
  6684 | D:6      | Killed Pikel
  6695 | D:6      | Found Buaj's Distillery.
  6874 | D:6      | Noticed Blork the orc
  6884 | D:6      | Killed Blork the orc
  7189 | D:6      | Found a burning altar of Makhleb.
  7200 | D:6      | Reached **** piety under Zin
  7310 | D:7      | Found a sand-covered staircase.
  7314 | D:7      | Noticed Harold
  7929 | D:7      | Killed Harold
  7929 | D:7      | Reached skill level 8 in Armour
  7929 | D:7      | Reached skill level 5 in Invocations
  7929 | D:7      | Reached XP level 10. HP: 15/79 MP: 15/17
  8415 | D:7      | Found a hide-covered altar of Uskayaw.
  8634 | D:7      | Found a runed translucent gate.
  8634 | D:7      | Found a runed translucent gate.
  8634 | D:7      | Found a runed translucent gate.
  8634 | D:7      | Noticed Curus's ghost (novice HOBe)
  8654 | D:7      | Found a stormy altar of Qazlal.
  8680 | D:7      | Paralysed by an orc wizard for 6 turns
  9442 | D:8      | Found a large runed translucent door.
  9442 | D:8      | Found a large runed translucent door.
  9445 | D:8      | Noticed a green ugly thing
  9446 | D:8      | Noticed a red ugly thing
  9472 | D:8      | Reached skill level 5 in Short Blades
  9472 | D:8      | Reached skill level 5 in Long Blades
  9472 | D:8      | Reached skill level 5 in Axes
  9472 | D:8      | Reached skill level 5 in Maces & Flails
  9472 | D:8      | Reached skill level 5 in Polearms
  9472 | D:8      | Reached skill level 5 in Staves
  9472 | D:8      | Reached skill level 5 in Slings
  9472 | D:8      | Reached skill level 5 in Bows
  9472 | D:8      | Reached skill level 5 in Crossbows
  9472 | D:8      | Reached skill level 5 in Dodging
  9472 | D:8      | Reached skill level 5 in Stealth
  9472 | D:8      | Reached skill level 5 in Shields
  9472 | D:8      | Reached skill level 5 in Unarmed Combat
  9472 | D:8      | Reached skill level 5 in Spellcasting
  9472 | D:8      | Reached skill level 5 in Evocations
  9573 | D:8      | Reached ***** piety under Zin
  9582 | D:8      | Noticed a two-headed ogre
  9600 | D:8      | Killed a two-headed ogre
  9988 | D:8      | Found a shimmering altar of Xom.
  9988 | D:8      | Found a glowing silver altar of Zin.
  9988 | D:8      | Noticed an angel
 10022 | D:8      | Found a large runed translucent door.
 10022 | D:8      | Found a large runed translucent door.
 11067 | D:8      | Noticed a two-headed ogre
 11070 | D:8      | Killed a two-headed ogre
 11070 | D:8      | Reached XP level 11. HP: 86/86 MP: 19/19
 11356 | D:9      | Zin protects you from harm!
 12787 | D:8      | Reached skill level 9 in Armour
 12853 | D:9      | Found a glowing golden altar of the Shining One.
 12913 | D:9      | Found a white marble altar of Elyvilon.
 12914 | D:9      | Found a sacrificial altar of Ru.
 12914 | D:9      | Found a deep blue altar of Sif Muna.
 12914 | D:9      | Found a sparkling altar of Nemelex Xobeh.
 12935 | D:9      | Reached skill level 5 in Conjurations
 12935 | D:9      | Reached skill level 5 in Hexes
 12935 | D:9      | Reached skill level 5 in Charms
 12935 | D:9      | Reached skill level 5 in Summonings
 12935 | D:9      | Reached skill level 5 in Necromancy
 12935 | D:9      | Reached skill level 5 in Translocations
 12935 | D:9      | Reached skill level 5 in Transmutations
 12935 | D:9      | Reached skill level 5 in Fire Magic
 12935 | D:9      | Reached skill level 5 in Ice Magic
 12935 | D:9      | Reached skill level 5 in Air Magic
 12935 | D:9      | Reached skill level 5 in Poison Magic
 13219 | D:9      | Noticed a two-headed ogre
 13227 | D:9      | Zin protects you from harm!
 13228 | D:9      | Zin protects you from harm!
 13230 | D:9      | Killed a two-headed ogre
 13616 | D:9      | Got a slimy steel ring
 13626 | D:9      | Got a fine scimitar
 13627 | D:9      | Identified the cursed +1 scimitar "Concordance" {elec,
                  | *Slow +Rage MR++ Str+2} (You found it on level 9 of the
                  | Dungeon)
 13636 | D:9      | Identified Jatoria's Guide on Boosting Changing
 13802 | D:9      | Found Keom's Food Boutique.
 14238 | D:10     | Entered Level 10 of the Dungeon
 14696 | D:10     | Reached XP level 12. HP: 48/95 MP: 22/22
 14717 | D:10     | Noticed a two-headed ogre
 14721 | D:10     | HP: 4/95 [two-headed ogre/+0 giant club (25)]
 14721 | D:10     | Slain by a two-headed ogre

Skill      XL: |  1  2  3  4  5  6  7  8  9 10 11 |
---------------+----------------------------------+-----
Invocations    | 1 2 3 4 5 6 7 |  7.3
Short Blades   | 1 2 3 4 5 6 |  6.7
Long Blades    | 1 2 3 4 5 6 |  6.7
Axes           | 1 2 3 4 5 6 |  6.7
Maces & Flails | 1 2 3 4 5 6 |  6.7
Polearms       | 1 2 3 4 5 6 |  6.7
Staves         | 1 2 3 4 5 6 |  6.7
Slings         | 1 2 3 4 5 6 |  6.7
Bows           | 1 2 3 4 5 6 |  6.7
Crossbows      | 1 2 3 4 5 6 |  6.7
Dodging        | 1 2 3 4 5 6 |  6.7
Stealth        | 1 2 3 4 5 6 |  6.7
Shields        | 1 2 3 4 5 6 |  6.7
Unarmed Combat | 1 2 3 4 5 6 |  6.7
Spellcasting   | 1 2 3 4 5 6 |  6.7
Evocations     | 1 2 3 4 5 6 |  6.7
Conjurations   | 1 2 3 4 5 |  5.5
Hexes          | 1 2 3 4 5 |  5.5
Charms         | 1 2 3 4 5 |  5.5
Summonings     | 1 2 3 4 5 |  5.5
Necromancy     | 1 2 3 4 5 |  5.5
Translocations | 1 2 3 4 5 |  5.5
Transmutations | 1 2 3 4 5 |  5.5
Fire Magic     | 1 2 3 4 5 |  5.5
Ice Magic      | 1 2 3 4 5 |  5.5
Air Magic      | 1 2 3 4 5 |  5.5
Poison Magic   | 1 2 3 4 5 |  5.5
Fighting       | 5 6 7 8 |  8.2
Throwing       | 5 6 7 8 |  8.2
Armour         | 7 8 9 |  9.4
Earth Magic    | 6 7 |  7.9

Action                   |  1- 3 |  4- 6 |  7- 9 | 10-12 || total
-------------------------+-------+-------+-------+-------++-------
Melee: Dagger            |    92 |       |       |       ||    92
       Bite              |    12 |    17 |    70 |    77 ||   176
       Whip              |    58 |   126 |   529 |   432 ||  1145
       Kick              |     6 |     1 |       |       ||     7
       Punch             |     1 |       |     2 |       ||     3
       Headbutt          |       |    19 |   117 |   139 ||   275
       Scimitar          |       |       |       |   147 ||   147
 Fire: Blowgun           |     2 |       |     3 |       ||     5
Throw: Tomahawk          |       |       |     2 |       ||     2
       Throwing net      |       |       |     1 |     5 ||     6
Invok: Vitalisation      |       |       |     6 |    12 ||    18
       Recite            |       |       |     4 |     2 ||     6
 Abil: Evoke Berserk Rag |       |       |       |     1 ||     1
Evoke: Wand              |       |       |       |     4 ||     4
       Lamp of fire      |       |       |       |     1 ||     1
  Use: Scroll            |     3 |     4 |     3 |     3 ||    13
       Potion            |     2 |     2 |     2 |     4 ||    10
 Stab: Sleeping          |       |     1 |       |       ||     1
       Paralysed         |       |       |       |     5 ||     5
       Held in net/web   |       |       |       |     4 ||     4
  Eat: Chunk             |     1 |     1 |     4 |    12 ||    18
       Ration            |       |     2 |     4 |     2 ||     8
Armor: Robe              |     6 |       |       |       ||     6
       Ring mail         |    80 |    51 |    95 |       ||   226
       Chain mail        |       |       |   110 |   250 ||   360
Dodge: Dodged            |   108 |    51 |   204 |   279 ||   642
Block: Buckler           |       |       |    67 |   144 ||   211
       Rpst.: Scimitar   |       |       |       |    21 ||    21
